SL
DETROIT RENAISSANCE @ PHILADELPHIA 1776 BC
04/19/2029
 
TOP OF THE 1ST
Detroit Renaissance batting - Pitching for Philadelphia 1776 BC : LHP Raúl Melro
Pitching: LHP Raúl Melro
Batting: LHB Eric Thackston 0-0: Ball
1-0: Called Strike
1-1: Called Strike
1-2: Strikes out looking
Batting: RHB Quincy van Enk 0-0: Ground out 4-3 (Groundball, 4)
Batting: RHB Juan Cabrera 0-0: Fly out, F8 (Flyball, 8LD)
Top of the 1st over - 0 runs, 0 hits, 0 errors, 0 left on base; Detroit 0 - Philadelphia 1776 0
BOTTOM OF THE 1ST
Philadelphia 1776 BC batting - Pitching for Detroit Renaissance : RHP Felipe Aiba
Pitching: RHP Felipe Aiba
Batting: LHB Tony Vega 0-0: Ball
1-0: Foul Ball, location: 2F
1-1: Swinging Strike
1-2: Strikes out swinging
Batting: LHB Cliff Aldridge 0-0: Ball
1-0: Ball
2-0: Ball
3-0: Called Strike
3-1: Called Strike
3-2: SINGLE (Groundball, 34D)
Batting: LHB Manoo Satyavrat 0-0: Called Strike
0-1: DOUBLE (Line Drive, 9LS)
Cliff Aldridge to third
Batting: LHB José Rodríguez 0-0: Swinging Strike
0-1: SINGLE (Groundball, 56D)
Cliff Aldridge scores
Manoo Satyavrat to third
Runner from 3rd tries for Home, SAFE, no throw
Batting: RHB António Granados 0-0: Ball
1-0: Foul Ball, location: 2F
1-1: Swinging Strike
1-2: Ball
2-2: Ground out U3 (Groundball, 3)
José Rodríguez to second
Batting: RHB Fernando Rivera 0-0: Called Strike
0-1: Ball
1-1: Called Strike
1-2: Ball
2-2: DOUBLE (Line Drive, 78D)
José Rodríguez scores
Batting: RHB Patrizio Vanali 0-0: Called Strike
0-1: Ball
1-1: Foul Ball, location: 2F
1-2: Foul Ball, location: 2F
1-2: Ground out 4-3 (Groundball, 4)
Bottom of the 1st over - 3 runs, 4 hits, 0 errors, 1 left on base; Detroit 0 - Philadelphia 1776 3
TOP OF THE 2ND
Detroit Renaissance batting - Pitching for Philadelphia 1776 BC : LHP Raúl Melro
Batting: RHB Eric D'Angle 0-0: Ball
1-0: Foul Ball, location: 2F
1-1: SINGLE (Line Drive, 78M)
Batting: RHB António Padilla 0-0: Called Strike
0-1: Ball
1-1: Ball
2-1: Swinging Strike
2-2: Foul Ball, location: 2F
2-2: Fielders Choice at 2nd, 5-4 (Groundball, 5)
Batting: RHB Cole Shaffer 0-0: SINGLE (Line Drive, 7S)
António Padilla to second
Batting: RHB Martín Martínez 0-0: Called Strike
0-1: Swinging Strike
0-2: Ball
1-2: Grounds into double play, 6-4-3 (Groundball, 6)
Top of the 2nd over - 0 runs, 2 hits, 0 errors, 1 left on base; Detroit 0 - Philadelphia 1776 3
BOTTOM OF THE 2ND
Philadelphia 1776 BC batting - Pitching for Detroit Renaissance : RHP Felipe Aiba
Batting: SHB Jesús Cabañe 0-0: Swinging Strike
0-1: Called Strike
0-2: Strikes out swinging
Batting: RHB Dave Morris 0-0: Ball
1-0: Ball
2-0: Foul Ball, location: 2F
2-1: Called Strike
2-2: SINGLE (Groundball, 4MD)
Batting: LHB Tony Vega 0-0: Called Strike
0-1: Ball
1-1: Ball
2-1: Ground out U3 (Groundball, 34S)
Dave Morris to second
Batting: LHB Cliff Aldridge 0-0: Called Strike
0-1: Foul Ball, location: 2F
0-2: Ball
1-2: Foul Ball, location: 2F
1-2: Strikes out swinging
Bottom of the 2nd over - 0 runs, 1 hit, 0 errors, 1 left on base; Detroit 0 - Philadelphia 1776 3
TOP OF THE 3RD
Detroit Renaissance batting - Pitching for Philadelphia 1776 BC : LHP Raúl Melro
Batting: RHB Takashi Miike 0-0: Ball
1-0: Called Strike
1-1: Foul Ball, location: 2F
1-2: Strikes out swinging
Batting: LHB Yoichibei Sato 0-0: Ball
1-0: Ball
2-0: Called Strike
2-1: Foul Ball, location: 2F
2-2: Fly out, F8 (Flyball, 8RS)
Batting: LHB Eric Thackston 0-0: Foul Ball, location: 2F
0-1: Foul Ball, location: 2F
0-2: Ball
1-2: Ball
2-2: Ball
3-2: Base on Balls
Batting: RHB Quincy van Enk 0-0: Called Strike
0-1: Ball
1-1: Fly out, F3 (Popup, 3SF)
Top of the 3rd over - 0 runs, 0 hits, 0 errors, 1 left on base; Detroit 0 - Philadelphia 1776 3
BOTTOM OF THE 3RD
Philadelphia 1776 BC batting - Pitching for Detroit Renaissance : RHP Felipe Aiba
Batting: LHB Manoo Satyavrat 0-0: Foul Ball, location: 2F
0-1: Foul Ball, location: 2F
0-2: Ball
1-2: Ball
2-2: Fly out, F7 (Flyball, 7)
Batting: LHB José Rodríguez 0-0: Called Strike
0-1: Ball
1-1: Foul Ball, location: 2F
1-2: Ball
2-2: Foul Ball, location: 2F
2-2: Fly out, F7 (Flyball, 7S)
Batting: RHB António Granados 0-0: Called Strike
0-1: Ball
1-1: Ball
2-1: Ground out 6-3 (Groundball, 6)
Bottom of the 3rd over - 0 runs, 0 hits, 0 errors, 0 left on base; Detroit 0 - Philadelphia 1776 3
TOP OF THE 4TH
Detroit Renaissance batting - Pitching for Philadelphia 1776 BC : LHP Raúl Melro
Batting: RHB Juan Cabrera 0-0: SINGLE (Groundball, 6MD)
Batting: RHB Eric D'Angle 0-0: Ball
1-0: Ball
2-0: Called Strike
2-1: SINGLE (Groundball, 4MD)
Juan Cabrera to second
Runner from 2nd tries for 3rd, OUT!
Batting: RHB António Padilla 0-0: Grounds into double play, 6-4-3 (Groundball, 6)
Top of the 4th over - 0 runs, 2 hits, 0 errors, 0 left on base; Detroit 0 - Philadelphia 1776 3
BOTTOM OF THE 4TH
Philadelphia 1776 BC batting - Pitching for Detroit Renaissance : RHP Felipe Aiba
Batting: RHB Fernando Rivera 0-0: Called Strike
0-1: Called Strike
0-2: SOLO HOME RUN (Flyball, 7D), Distance : 388 ft
Batting: RHB Patrizio Vanali 0-0: Called Strike
0-1: Foul Ball, location: 2F
0-2: Ball
1-2: Ball
2-2: Ball
3-2: Base on Balls
Batting: SHB Jesús Cabañe 0-0: Ball
1-0: Ball
2-0: Called Strike
2-1: Fly out, F6 (Popup, 6S)
Batting: RHB Dave Morris 0-0: Ball
1-0: Ball
2-0: Called Strike
2-1: Foul Ball, location: 2F
2-2: Fly out, F7 (Flyball, 78D)
Batting: LHB Tony Vega 0-0: Ball
1-0: Ball
2-0: Called Strike
Patrizio Vanali steals 2nd base
2-1: Ball
3-1: Swinging Strike
3-2: Ground out 4-3 (Groundball, 4)
Bottom of the 4th over - 1 run, 1 hit, 0 errors, 1 left on base; Detroit 0 - Philadelphia 1776 4
TOP OF THE 5TH
Detroit Renaissance batting - Pitching for Philadelphia 1776 BC : LHP Raúl Melro
Pitching: LHP Brian Brewer
Batting: RHB Cole Shaffer 0-0: Ground out 5-3 (Groundball, 56)
Batting: RHB Martín Martínez 0-0: Fly out, F7 (Line Drive, 78S)
Batting: RHB Takashi Miike 0-0: Ball
1-0: Ball
2-0: Called Strike
2-1: Foul Ball, location: 2F
2-2: SINGLE (Groundball, 6MD)
Batting: LHB Yoichibei Sato 0-0: Called Strike
0-1: Called Strike
0-2: Foul Ball, location: 2F
0-2: Fielders Choice at 2nd, 4-6 (Groundball, 4MD)
Top of the 5th over - 0 runs, 1 hit, 0 errors, 1 left on base; Detroit 0 - Philadelphia 1776 4
BOTTOM OF THE 5TH
Philadelphia 1776 BC batting - Pitching for Detroit Renaissance : RHP Felipe Aiba
Pitching: RHP Lyle Lanley
Batting: LHB Cliff Aldridge 0-0: DOUBLE (Line Drive, 78D)
Batting: LHB Manoo Satyavrat 0-0: Foul Ball, location: 2F
0-1: Ball
1-1: Foul Ball, location: 2F
1-2: Fly out, F8 (Flyball, 8LD)
Batting: LHB José Rodríguez 0-0: Ball
1-0: Ball
2-0: Fly out, F2 (Popup, 2LF)
Batting: RHB António Granados 0-0: Ball
1-0: Ball
2-0: Ball
3-0: Base on Balls
Batting: RHB Fernando Rivera 0-0: Ball
1-0: Foul Ball, location: 2F
1-1: Swinging Strike
Passed Ball!
Cliff Aldridge to third
António Granados to second
1-2: Strikes out swinging
Bottom of the 5th over - 0 runs, 1 hit, 0 errors, 2 left on base; Detroit 0 - Philadelphia 1776 4
TOP OF THE 6TH
Detroit Renaissance batting - Pitching for Philadelphia 1776 BC : LHP Brian Brewer
Batting: LHB Eric Thackston 0-0: Fly out, F3 (Popup, 3SF)
Batting: RHB Quincy van Enk 0-0: Ball
1-0: Foul Ball, location: 2F
1-1: Swinging Strike
1-2: SINGLE (Groundball, 6MD)
Batting: RHB Juan Cabrera 0-0: Called Strike
0-1: Ball
1-1: Fly out, F5 (Popup, 56S)
Batting: RHB Eric D'Angle 0-0: Called Strike
0-1: Ball
1-1: Fly out, F3 (Popup, 23F)
Top of the 6th over - 0 runs, 1 hit, 0 errors, 1 left on base; Detroit 0 - Philadelphia 1776 4
BOTTOM OF THE 6TH
Philadelphia 1776 BC batting - Pitching for Detroit Renaissance : RHP Lyle Lanley
Batting: RHB Patrizio Vanali 0-0: Ball
1-0: Ball
2-0: Ball
3-0: Called Strike
3-1: Base on Balls
Batting: SHB Jesús Cabañe 0-0: Ball
1-0: TRIPLE (Flyball, 8RXD)
Patrizio Vanali scores
Batting: RHB Dave Morris 0-0: Ball
1-0: Swinging Strike
1-1: Swinging Strike
1-2: Strikes out swinging
Pinch Hitting: LHB Héctor Torres 0-0: Ball
1-0: Called Strike
1-1: 2-RUN HOME RUN (Flyball, 9D), Distance : 384 ft
Batting: LHB Jeff Rutherford 0-0: Ball
1-0: Called Strike
1-1: Ball
2-1: Swinging Strike
2-2: Ball
3-2: Base on Balls
Batting: LHB Manoo Satyavrat 0-0: Ball
1-0: Fielders Choice at 2nd, 6-4 (Groundball, 6)
Batting: LHB José Rodríguez 0-0: Ball
1-0: Foul Ball, location: 2F
1-1: SINGLE (Groundball, 4MD)
Manoo Satyavrat to second
Runner from 2nd tries for 3rd, SAFE, no throw
Batting: RHB António Granados 0-0: Ball
1-0: Ball
2-0: Foul Ball, location: 2F
2-1: DOUBLE (Flyball, 8LXD)
Manoo Satyavrat scores
José Rodríguez to third
Runner from 3rd tries for Home, SAFE, no throw
Batting: RHB Fernando Rivera 0-0: Ball
1-0: Fly out, F7 (Flyball, 7S)
Bottom of the 6th over - 5 runs, 4 hits, 0 errors, 1 left on base; Detroit 0 - Philadelphia 1776 9
TOP OF THE 7TH
Detroit Renaissance batting - Pitching for Philadelphia 1776 BC : LHP Brian Brewer
Now in LF: Héctor Torres
Batting: RHB António Padilla 0-0: Called Strike
0-1: Ball
1-1: Called Strike
1-2: Ball
2-2: Fly out, F8 (Flyball, 8RS)
Batting: RHB Cole Shaffer 0-0: Foul Ball, location: 2F
0-1: Called Strike
0-2: Foul Ball, location: 2F
0-2: Ball
1-2: Foul Ball, location: 2F
1-2: Ball
2-2: SINGLE (Line Drive, 4D)
Batting: RHB Martín Martínez 0-0: Ball
1-0: Swinging Strike
1-1: Ball
2-1: Ball
3-1: Base on Balls
Cole Shaffer to second
Batting: RHB Takashi Miike 0-0: Ball
1-0: SINGLE (Flyball, 8RS)
Cole Shaffer to third
Martín Martínez to second
Batting: LHB Yoichibei Sato 0-0: Called Strike
0-1: Fly out, F6 (Line Drive, 6M)
Batting: LHB Eric Thackston 0-0: Called Strike
0-1: Fly out, F8 (Flyball, 8RXD)
Top of the 7th over - 0 runs, 2 hits, 0 errors, 3 left on base; Detroit 0 - Philadelphia 1776 9
BOTTOM OF THE 7TH
Philadelphia 1776 BC batting - Pitching for Detroit Renaissance : RHP Lyle Lanley
Batting: RHB Patrizio Vanali 0-0: Ball
1-0: Called Strike
1-1: Foul Ball, location: 2F
1-2: Strikes out swinging
Batting: SHB Jesús Cabañe 0-0: Ball
1-0: Called Strike
1-1: Fly out, F7 (Flyball, 7S)
Batting: RHB Dave Morris 0-0: Ball
1-0: Ball
2-0: Ground out 5-3 (Groundball, 56S)
Bottom of the 7th over - 0 runs, 0 hits, 0 errors, 0 left on base; Detroit 0 - Philadelphia 1776 9
TOP OF THE 8TH
Detroit Renaissance batting - Pitching for Philadelphia 1776 BC : LHP Brian Brewer
Batting: RHB Quincy van Enk 0-0: Ball
1-0: Ball
2-0: Called Strike
2-1: SINGLE (Groundball, 6S) (infield hit)
Pinch Hitting: LHB Bartolo Benítez 0-0: Called Strike
0-1: Foul Ball, location: 2F
0-2: Ball
1-2: SINGLE (Groundball, 6MS) (infield hit)
Quincy van Enk to second
Batting: RHB Eric D'Angle 0-0: Called Strike
0-1: Ball
1-1: Called Strike
1-2: Foul Ball, location: 2F
1-2: Foul Ball, location: 2F
1-2: Grounds into double play, 5-4-3 (Groundball, 5)
Quincy van Enk to third
Pinch Hitting: RHB Kenneth Noid 0-0: Ball
1-0: Foul Ball, location: 2F
1-1: Swinging Strike
1-2: Strikes out swinging
Top of the 8th over - 0 runs, 2 hits, 0 errors, 1 left on base; Detroit 0 - Philadelphia 1776 9
BOTTOM OF THE 8TH
Philadelphia 1776 BC batting - Pitching for Detroit Renaissance : RHP Lyle Lanley
Now at 3B: Bartolo Benítez
Now at SS: Kenneth Noid
Batting: LHB Héctor Torres 0-0: Swinging Strike
0-1: Swinging Strike
0-2: Fly out, F6 (Popup, 4MD)
Batting: LHB Jeff Rutherford 0-0: Fly out, F6 (Popup, 6S)
Batting: LHB Manoo Satyavrat 0-0: Foul Ball, location: 2F
0-1: Called Strike
0-2: Fly out, F7 (Flyball, 7LS)
Bottom of the 8th over - 0 runs, 0 hits, 0 errors, 0 left on base; Detroit 0 - Philadelphia 1776 9
TOP OF THE 9TH
Detroit Renaissance batting - Pitching for Philadelphia 1776 BC : LHP Brian Brewer
Batting: RHB Cole Shaffer 0-0: Ground out 6-3 (Groundball, 6)
Batting: RHB Martín Martínez 0-0: Ball
1-0: Fly out, F8 (Flyball, 78M)
Batting: RHB Takashi Miike 0-0: Swinging Strike
0-1: Ball
1-1: Ball
2-1: Ball
3-1: DOUBLE (Line Drive, 8RXD)
Batting: LHB Yoichibei Sato 0-0: Ball
1-0: Ball
2-0: Fly out, F7 (Flyball, 7D)
Top of the 9th over - 0 runs, 1 hit, 0 errors, 1 left on base; Detroit 0 - Philadelphia 1776 9
Tuesday, December 19th, 2017 - OOTP Baseball 18.8 Build 76